 Dungeon Crawl Stone Soup version 0.17.1-2-g5865329 (webtiles) character file.

553 namelastname112 the Magician (level 7, -12/57 HPs)
             Began as a Yellow Draconian Wizard on Jan 11, 2016.
             Mangled by an ogre
             ... wielding a +0 giant spiked club
              (36 damage)
             ... on level 4 of the Dungeon.
             The game lasted 00:07:04 (4414 turns).

namelastname112 the Magician (DrWz)                 Turns: 4414, Time: 00:07:04

Health: -12/57     AC:  9    Str: 11      XL:     7   Next: 8%
Magic:  13/13      EV: 12    Int: 21      God:
Gold:   121        SH:  0    Dex:  8 (9)  Spells: 1 memorised, 13 levels left

rFire  . . .     SeeInvis .     d - +0 trident (freeze)
rCold  + . .     Clarity  .     (armour unavailable)
rNeg   . . .     SustAt   .     (no shield)
rPois  .         Gourm    .     a - +0 hat
rElec  .         Spirit   .     m - +2 cloak
rCorr  +         Warding  .     (no gloves)
rMut   .         Stasis   .     (no boots)
MR     .....                    (no amulet)
Stlth  +.........               i - ring of invisibility
                                s - ring of protection from cold

@: not resistant to hostile enchantments, very unstealthy
A: spit acid, acid resistance, unfitting armour, strong 1, cold-blooded, AC +6
a: Spit Acid, Evoke Invisibility


You were on level 4 of the Dungeon.
You were not hungry.

You visited 1 branch of the dungeon, and saw 4 of its levels.

You collected 121 gold pieces.

Inventory:

Hand Weapons
 d - a +0 trident of freezing (weapon)
Armour
 a - a +0 hat (worn)
 m - a +2 cloak (worn)
 o - a +2 shield
Jewellery
 i - a ring of invisibility (right hand)
 s - a ring of protection from cold (left hand)
Scrolls
 e - 3 scrolls of teleportation
 f - 4 scrolls of remove curse
 n - a scroll of identify
 q - a scroll of blinking
Potions
 g - a potion of lignification {unknown}
 j - a potion of agility {unknown}
 k - a potion of heal wounds {unknown}
 l - a potion of haste {unknown}
 t - a potion of magic
 u - a potion of might {unknown}
Books
 b - a book of Minor Magic

   Spells                             Type                      Level
   a - Magic Dart                     Conjuration                  1
   b - Blink                          Translocation                2
   c - Call Imp                       Summoning                    2
   d - Repel Missiles                 Charms/Air                   2
   e - Slow                           Hexes                        2
   f - Conjure Flame                  Conjuration/Fire             3
   g - Mephitic Cloud                 Conjuration/Poison/Air       3
Comestibles
 c - 3 bread rations
 h - 5 fruits
 p - 3 meat rations


   Skills:
 + Level 3.5 Fighting
 * Level 4.3 Polearms
 + Level 3.3 Dodging
 - Level 1.7 Stealth
 + Level 4.4 Spellcasting
 - Level 1.0 Conjurations
   Level 1.0 Summonings
   Level 1.0 Translocations


You had 13 spell levels left.
You knew the following spells:

 Your Spells              Type           Power        Failure   Level  Hunger
z - Magic Dart            Conj           #...         10%         1    None


Dungeon Overview and Level Annotations

Branches:
Dungeon (4/15)
 Temple: D:4-7

Altars:
Gozag
Nemelex Xobeh
Qazlal
Vehumet
The Shining One


Innate Abilities, Weirdness & Mutations

You can spit globs of acid.
You are resistant to acid.
Your golden yellow scales are hard (AC +6).
Your body does not fit into most forms of armour.
You are cold-blooded and may be slowed by cold attacks.
Your muscles are strong. (Str +2)


Message History

The ogre is lightly wounded.
You hit the ogre but do no damage.
The ogre is lightly wounded.
The ogre closely misses you.
You barely miss the ogre. You tail-slap the ogre.
The ogre is moderately wounded.
The ogre barely misses you.
You hit the ogre. You freeze the ogre.
The ogre is moderately wounded.
The ogre hits you with a giant spiked club!
You completely miss the ogre.
The ogre is moderately wounded.
You hit the ogre. You freeze the ogre.
The ogre is heavily wounded.
The ogre closely misses you.
You hit the ogre. You freeze the ogre.
The ogre is heavily wounded.
The ogre hits you with a giant spiked club!!!
Ouch! That really hurt!
You die...

.#..##)##..####..#
.#..#..)'........#
.#..#(..#.....P..#
.#..#..(#..####..#
.#..#####..#..#..#
.#..#..#...)..#..#
....#..)...####..#
....####......P..#
................@####
...##............O..#
......##..........#.#..
+#..#.#...........#.#.#
....#.#...........#.#.#
....#.#...........#.#.#
......(...........#.#.#
...#..#...........#.#.###
..................#.#.#.#


You could see an ogre.

Vanquished Creatures
  An ogre (D:4)
  A water moccasin skeleton (D:4)
  An orc priest (D:4)
  A hound (D:4)
  An iguana (D:4)
  Terence (D:2)
  3 orc wizards
  3 worker ants (D:4)
  5 adders
  2 oozes
  2 worms (D:4)
  2 giant geckos
  9 orcs
  5 bats
  5 giant cockroaches
  12 goblins
  10 hobgoblins
  4 jackals (D:2)
  4 kobolds
  2 ball pythons
  4 giant newts
  A jackal skeleton (D:4)
  A quokka (D:2)
  7 rats
87 creatures vanquished.

Notes
Turn   | Place    | Note
--------------------------------------------------------------
     0 | D:1      | namelastname112 the Draconian Wizard began the quest for the Orb.
     0 | D:1      | Reached XP level 1. HP: 14/14 MP: 4/4
   155 | D:1      | Reached skill level 1 in Fighting
   163 | D:1      | Reached XP level 2. HP: 21/23 MP: 1/6
   649 | D:2      | Noticed Terence
   717 | D:2      | Reached XP level 3. HP: 29/29 MP: 1/7
  1112 | D:2      | Found a sparkling altar of Nemelex Xobeh.
  1254 | D:3      | Reached skill level 1 in Polearms
  1591 | D:3      | Reached XP level 4. HP: 13/36 MP: 1/9
  2223 | D:3      | Found an opulent altar of Gozag.
  2223 | D:3      | Found a radiant altar of Vehumet.
  2223 | D:3      | Found a stormy altar of Qazlal.
  2452 | D:3      | Reached XP level 5. HP: 41/41 MP: 6/10
  2580 | D:3      | Found a glowing golden altar of the Shining One.
  2794 | D:3      | Gained mutation: Your muscles are strong. (Str +2) [potion of mutation]
  2794 | D:3      | Gained mutation: Your muscles are very strong. (Str +4) [potion of mutation]
  2794 | D:3      | Lost mutation: Your muscles are very strong. (Str +4) [potion of mutation]
  2910 | D:2      | Killed Terence
  3297 | D:4      | Noticed an ogre
  3316 | D:4      | Killed an ogre
  3316 | D:4      | Reached skill level 4 in Spellcasting
  3316 | D:4      | Reached XP level 6. HP: 22/50 MP: 10/12
  4065 | D:4      | Your scales start taking on a golden yellow colour.
  4065 | D:4      | Reached XP level 7. HP: 57/57 MP: 13/13
  4414 | D:4      | Mangled by an ogre

Action                   |  1- 3 |  4- 6 |  7- 9 || total
-------------------------+-------+-------+-------++-------
Melee: Spear             |    86 |     5 |       ||    91
       Unarmed           |     7 |       |       ||     7
       Flail             |       |    63 |       ||    63
       Trident           |       |   127 |    36 ||   163
 Cast: Magic Dart        |    49 |    32 |       ||    81
  Use: Potion            |       |     2 |       ||     2
       Scroll            |       |     8 |       ||     8
 Stab: Distracted        |       |       |     1 ||     1
  Eat: Bread ration      |     1 |       |       ||     1
       Chunk             |       |     1 |     1 ||     2
       Meat ration       |       |     1 |       ||     1
